Match 46987803
Unlisted

Match 46987803
End
Construct Barracks
Selects Heavy Weapons
Engineer Squad
1⁄4-ton 4x4 Truck
1⁄4-ton 4x4 Truck
1⁄4-ton 4x4 Truck
Construct Weapon Support Center
1⁄4-ton 4x4 Truck
Mechanized Support Center
Selects Assault Carriers
Selects Halftrack Strongpoints
Selects M2HB .50cal Heavy Machine Gun
M1919 Machine Gun Team
Improvised Armor
Bazooka Squad
Engineer Squad
M3 Assault Carrier
Bazooka Squad
Selects Halftrack Strongpoints
Halftrack Strongpoints
M3 Assault Carrier
M3 Assault Carrier
M1919 Machine Gun Team
M3 Assault Carrier
Halftrack Strongpoints
M3 Assault Carrier
1⁄4-ton 4x4 Truck
Construct Motor Pool
M24 Chaffee Light Tank
Selects Rapid Reposition
M8 Greyhound Armored Car
UpYours
Mr. BootAy
pm★Elijah
Tirant™
Trixter
asaf2kb
Winteranimal29
76561199514355946
0
0

Comments sign in to comment!

No comments posted yet!